 Dungeon Crawl Stone Soup version 0.31-a0-4-gefa6de2278 (console) character file.

Game seed: 12742679128780340160

585 om the Cutter (level 7, -2/43 (58) HPs)
             Began as a Green Draconian Reaver on May 3, 2023.
             Splashed by a jelly's acid (9 damage)
             ... on level 4 of the Dungeon on May 4, 2023.
             The game lasted 00:14:44 (4822 turns).

om the Cutter (Green Draconian Reaver)              Turns: 4822, Time: 00:14:45

HP:   -2/43 (58)    AC: -5    Str: 14    XL:     7   Next: 15%
MP:   12/12         EV: 13    Int: 13    God:
Gold: 228           SH:  0    Dex: 12    Spells: 6/12 levels left

rFire   . . .        n - +2 dagger (venom)
rCold   . . .        (no shield)
rNeg    . . .        (body armour unavailable)
rPois   +            (helmet restricted)
rElec   .            m - +0 cloak
rCorr   .            (no gloves)
SInv    .            (no boots)
Will    .....        (no amulet)
Stlth   +            (no ring)
HPRegen 0.27/turn    (no ring)
MPRegen 0.13/turn

%: no passive effects
@: corroded, very heavily drained
A: breathe noxious fumes, AC +6, unfitting armour, poison resistance,
cold-blooded
a: Breathe Noxious Fumes


You were on level 4 of the Dungeon.
You visited 1 branch of the dungeon, and saw 4 of its levels.

You collected 228 gold pieces.

Inventory:

Hand Weapons
 a - a +0 short sword
 n - a +2 dagger of venom (weapon)
Armour
 m - a +0 cloak (worn)
Wands
 o - a wand of flame (38)
Scrolls
 f - a scroll of enchant armour {unknown}
 g - a scroll of noise {unknown}
 k - a scroll of vulnerability
 p - 3 scrolls of magic mapping {unknown}
Potions
 b - a potion of curing
 c - 2 potions of might
 d - a potion of mutation {unknown}
 e - a potion of heal wounds {unknown}
 h - a potion of haste
 i - a potion of cancellation {unknown}
 j - a potion of flight
 l - a potion of ambrosia {unknown}


   Skills:
 + Level 3.9 Fighting
 * Level 5.2 Short Blades
 + Level 3.4 Dodging
 + Level 3.4 Spellcasting
 + Level 4.3 Conjurations


You had 6 spell levels left.
You knew the following spells:

 Your Spells              Type           Power      Damage    Failure   Level
a - Kiss of Death         Conj/Necr      28%        2d7       9%          1
b - Momentum Strike       Conj/Tloc      14%        3d8       14%         2
c - Hailstorm             Conj/Ice       7%         3d4       26%         3

Your spell library contained the following spells:

 Spells                   Type           Power      Damage    Failure   Level


Dungeon Overview and Level Annotations

Branches:
Dungeon (4/15)
 Temple: D:4-7

Altars:

Annotations:
D:3 Sigmund


Innate Abilities, Weirdness & Mutations

You can breathe blasts of noxious fumes.
Your lurid green scales are hard. (AC +6)
You cannot fit into any form of body armour.
Your system is resistant to poisons. (rPois)
You are cold-blooded and may be slowed by cold attacks.


Message History

You open the door.
A hobgoblin and a jelly come into view.
The hobgoblin shouts!
The jelly jiggles.
You hit the hobgoblin.
You kill the hobgoblin!
You hit the jelly.
Your hands burn!
The jelly is moderately wounded.
You hit the jelly.
Your hands burn!
The jelly is heavily wounded.
The jelly hits you but does no damage.
You hit the jelly but do no damage. The acid corrodes you!
Your hands burn!
The jelly is heavily wounded.
A hobgoblin comes into view.
The jelly barely misses you.
You barely miss the jelly.
The jelly is heavily wounded.
The jelly hits you. The acid corrodes you!
You are splashed with acid!
You hit the jelly but do no damage.
The jelly is poisoned.
Your hands burn!
The jelly is heavily wounded.
You hit the jelly but do no damage.
Your hands burn!
The jelly is heavily wounded.
The jelly misses you.
You are too injured to fight recklessly!
You hit the jelly but do no damage.
Your hands burn!
Your tail-slap misses the jelly.
The jelly is heavily wounded.
The jelly closely misses you.
You are too injured to fight recklessly!
You hit the jelly but do no damage.
Your hands burn!
You tail-slap the jelly, but do no damage.
The jelly is heavily wounded.
The jelly hits you.
* * * LOW HITPOINT WARNING * * *
The acid corrodes you!
You are splashed with acid!
* * * LOW HITPOINT WARNING * * *
You feel better. The jelly hits you.
* * * LOW HITPOINT WARNING * * *
The acid corrodes you!
You are splashed with acid!
You die...

####.# #.# .....#
#.# #........
###### #.#
#....... #.#
#...... ########.#
#..... .......#.#
#.... ######.#.#
.g. #### #)..##
#J# ...######.#
#@# ##........#
#.# #...####.# #.#
##.[...#.# #.#
###.##.#.######.#
#...............##
#.#.##.#.#.......#
#.#.##.#.#.......#
#.#..#...#.......#


You could see a jelly (very poisoned) and a hobgoblin.

Vanquished Creatures
  Duvessa (D:4)
  Blork the orc (D:4)
  Dowan (D:4)
  Crazy Yiuf (D:3)
  A jelly (D:4)
  Ijyb (D:4)
  Terence (D:2)
  An orc wizard (D:4)
  Natasha (thrice) (D:2)
  5 adders
  4 worms
  4 dart slugs
  8 orcs
  6 bats
  8 endoplasms
  3 giant cockroaches
  4 goblins
  5 hobgoblins
  9 jackals
  5 kobolds
  3 quokkas
  10 ball pythons
  2 frilled lizards
  5 rats
92 creatures vanquished.

Notes
Turn   | Place    | Note
-------+----------+-------------------------------------------
     0 | D:1      | om the Draconian Reaver began the quest for the Orb.
     0 | D:1      | Reached XP level 1. HP: 17/17 MP: 3/3
   467 | D:1      | Reached XP level 2. HP: 23/25 MP: 5/5
  1241 | D:2      | Reached XP level 3. HP: 27/30 MP: 6/6
  1283 | D:2      | Noticed Natasha
  1301 | D:2      | Killed Natasha
  1357 | D:2      | Learned a level 2 spell: Momentum Strike
  1361 | D:2      | Learned a level 3 spell: Hailstorm
  1450 | D:2      | Noticed Terence
  1474 | D:2      | Killed Terence
  1475 | D:2      | Reached XP level 4. HP: 20/35 MP: 0/7
  2211 | D:2      | Noticed Natasha
  2226 | D:2      | Killed Natasha
  2388 | D:3      | Reached XP level 5. HP: 40/45 MP: 2/9
  2463 | D:2      | Noticed Natasha
  2480 | D:2      | Killed Natasha
  2481 | D:2      | Reached skill level 4 in Short Blades
  2861 | D:3      | Found a faded altar of an unknown god.
  2863 | D:3      | Noticed Sigmund
  3256 | D:3      | Found a runed translucent door.
  3257 | D:3      | Noticed Crazy Yiuf
  3269 | D:3      | Killed Crazy Yiuf
  3477 | D:4      | Noticed Dowan
  3477 | D:4      | Noticed Duvessa
  3562 | D:4      | Killed Dowan
  3563 | D:4      | Reached XP level 6. HP: 13/48 MP: 5/10
  3774 | D:4      | Noticed Blork the orc
  3786 | D:4      | Killed Blork the orc
  4178 | D:4      | Noticed Ijyb
  4194 | D:4      | Killed Ijyb
  4285 | D:4      | Reached skill level 5 in Short Blades
  4423 | D:4      | Killed Duvessa
  4424 | D:4      | Your scales start taking on a lurid green colour.
  4424 | D:4      | Reached XP level 7. HP: 17/43 MP: 3/12
  4424 | D:4      | Gained mutation: Your system is resistant to poisons.
                  | (rPois) [Green Draconian growth]
  4822 | D:4      | Splashed by a jelly's acid

Illustrated notes

Levels and vault maps discovered:
D:1:      onia_arrival_mini_spirals, layout_basic
D:2:      minmay_door_path, layout_loops_ring, small_statue_intersection,
          uniq_natasha, uniq_terence
D:3:      layout_rooms, dreamdust_ecumenical_altar_statues,
          chequers_serial_rivers_micro_d, minivault_25, grunt_ministairs_10,
          uniq_sigmund, uniq_crazy_yiuf_cottage
D:4:      layout_basic, uniq_ijyb, uniq_duvessa, uniq_blork_the_orc

Skill      XL: |  1  2  3  4  5  6 |
---------------+-------------------+-----
Dodging        | 2 3 |  3.4
Fighting       | 3 |  3.9
Short Blades   | 4 5 |  5.2
Spellcasting   | 3 |  3.4
Conjurations   | 4 |  4.3

Action                     |  1- 3 |  4- 6 |  7- 9 || total
---------------------------+-------+-------+-------++-------
  Melee: Short sword       |   193 |   264 |       ||   457
         Tailslap          |    23 |    50 |     1 ||    74
         Punch             |     4 |     5 |       ||     9
         Dagger            |       |    69 |    11 ||    80
   Cast: Momentum Strike   |     2 |    10 |       ||    12
         Kiss of Death     |     1 |     4 |       ||     5
         Hailstorm         |       |     1 |       ||     1
    Use: Potion            |     1 |     3 |     1 ||     5
         Scroll            |       |     7 |       ||     7
   Stab: Sleeping          |       |     2 |       ||     2
 Armour: Skin              |    41 |    85 |     2 ||   128
  Dodge: Dodged            |   114 |   151 |     3 ||   268

Table legend: (Time is in decaauts)
 A = Elapsed time spent in this place.
 B = Non-inter-level travel time spent in this place.
 C = Inter-level travel time spent in this place.
 D = Time resting spent in this place.
 E = Time spent auto-exploring this place.
 F = Levels seen in this place.
 G = Mean time per level.
                   A        B        C        D        E       F      G
               +--------+--------+--------+--------+--------+-----+--------+
         Total |   4712 |   4602 |    110 |    948 |   2640 |   4 | 1178.0 |
       Dungeon |   4712 |   4602 |    110 |    948 |   2640 |   4 | 1178.0 |
               +--------+--------+--------+--------+--------+-----+--------+

Top non-repeatable levels by time:
     D:2: 1538 daAuts
     D:4: 1176 daAuts
     D:1: 1095 daAuts
     D:3: 903 daAuts
